[Event "21th IPCA World Individual Chp."]
[Site "followchess.com"]
[Date "2022.05.13"]
[Round "5"]
[White "Lipilin, Ilia"]
[Black "Vardi, Moshe"]
[Result "1-0"]
[WhiteElo "2198"]
[BlackElo "1631"]
[ECO "A65"]
[WhiteFed "RUS"]
[BlackFed "ISR"]
[FCGameId "2010154792"]
[WhiteFideId "54113245"]
[BlackFideId "2801710"]
[TimeControl "5400+30"]

1. d4 c5 2. d5 Nf6 3. c4 d6 4. Nc3 e6 5. e4 exd5 6. cxd5 Be7 7. Nf3 Bg4 8. Qa4+ Nbd7 9. Nd2 a6 10. f3 b5 11. Qc2 Bh5 12. a4 b4 13. Nd1 h6 14. Nc4 O-O 15. a5 Re8 16. Be2 Bg6 17. Nde3 Nxe4 18. fxe4 Bh4+ 19. Kd1 Rxe4 20. Qb3 Qe7 21. Bd2 Bg5 22. Re1 Re8 23. Bd3 Bh5+ 24. Kc2 Bxe3 25. Bxe3 Rg4 26. g3 Qf6 27. Rf1 Qe7 28. Rae1 Qf8 29. Bf4 Ne5 30. Bf5 Bg6 31. Bxe5 Bxf5+ 32. Rxf5 dxe5 33. Rexe5 f6 34. d6 Kh7 35. Qd3 Rd4 36. Rxf6+ Rxd3 37. Rxf8 Rxf8 38. Kxd3 Rd8 39. Ke4 b3 40. Kd5 Kg6 41. Nb6 Kf6 42. d7 c4 43. Re8 c3 44. Rxd8 c2 45. Rc8 1-0

[Event "21th IPCA World Individual Chp."]
[Site "followchess.com"]
[Date "2022.05.13"]
[Round "5"]
[White "Shapiro, Benny"]
[Black "Valenta, Vit Vaclav"]
[Result "0-1"]
[WhiteElo "1884"]
[BlackElo "2014"]
[ECO "E71"]
[WhiteFed "ISR"]
[BlackFed "CZE"]
[FCGameId "-1682625034"]
[WhiteFideId "2801582"]
[BlackFideId "307440"]
[TimeControl "5400+30"]

1. d4 Nf6 2. c4 d6 3. Nc3 g6 4. e4 Bg7 5. h3 Nbd7 6. Nf3 e5 7. d5 O-O 8. Bd3 a5 9. O-O Nh5 10. a3 Nf4 11. Bc2 Nb6 12. c5 dxc5 13. Be3 Nd7 14. Nb5 b6 15. d6 Ba6 16. Nxc7 Bxf1 17. Qxf1 Rc8 18. g3 Ne6 19. Nxe6 fxe6 20. Ng5 Rf6 21. h4 h6 22. Nh3 Nb8 23. Rd1 Rc6 24. d7 Rc7 25. Ba4 Rf7 26. Qc4 Re7 27. Rd6 Nxd7 28. Rxe6 Rxe6 29. Qxe6+ Kh7 30. Bb3 Nf6 31. Qxb6 Qc8 32. Bc4 Qb7 33. Qxa5 Rd7 34. f3 Rd1+ 35. Kf2 Qxb2+ 36. Be2 Rh1 37. Ng1 Rxg1 38. Kxg1 Qxe2 39. Bf2 Qxf3 40. Qxc5 Nxe4 41. Qe3 Qd1+ 42. Kg2 Qc2 43. Qf3 Nxf2 44. Qxf2 Qxf2+ 45. Kxf2 Bf8 46. a4 Kg7 47. 
Kf3 Kf6 48. Ke4 Ke6 49. g4 0-1

[Event "21th IPCA World Individual Chp."]
[Site "followchess.com"]
[Date "2022.05.13"]
[Round "5"]
[White "Alperovich, Asher"]
[Black "Cosic, Radoslav"]
[Result "1-0"]
[WhiteElo "1865"]
[BlackElo "2003"]
[ECO "E20"]
[WhiteFed "ISR"]
[BlackFed "CRO"]
[FCGameId "-1668338467"]
[WhiteFideId "2803275"]
[BlackFideId "14504367"]
[TimeControl "5400+30"]

1. d4 Nf6 2. c4 e6 3. Nc3 Bb4 4. f3 O-O 5. a3 Be7 6. e4 d6 7. Be3 Nc6 8. Nge2 a6 9. Nc1 e5 10. d5 Nb8 11. Be2 Nh5 12. Qd2 b6 13. b4 Nf4 14. O-O Nd7 15. Nd3 g5 16. g3 Nxe2+ 17. Qxe2 Kh8 18. Kg2 Rg8 19. Rh1 Nf8 20. Kf2 Ng6 21. Ke1 Bd7 22. Kd2 Bf6 23. c5 dxc5 24. bxc5 bxc5 25. Nxc5 Bc8 26. Rhd1 Bg7 27. Ke1 Qf6 28. 
Rac1 Rb8 29. Rb1 Rxb1 30. Rxb1 h6 31. Nd3 Nf4 
32. gxf4 exf4 33. e5 Qg6 34. Bd4 Bf5 35. Rd1 Rb8 36. Nf2 h5 37. h3 Rb3 38. Qc4 Rb2 39. Nce4 Rxf2 40. Nxf2 g4 41. hxg4 hxg4 42. fxg4 Bd7 43. Qxc7 Bb5 44. Qc8+ Kh7 45. Qf5 1-0

[Event "21th IPCA World Individual Chp."]
[Site "followchess.com"]
[Date "2022.05.13"]
[Round "5"]
[White "Oliel, Yehonatan"]
[Black "Srimskov, Elishar"]
[Result "0-1"]
[WhiteElo "1535"]
[BlackElo "1992"]
[ECO "E90"]
[WhiteFed "ISR"]
[BlackFed "ISR"]
[FCGameId "1340410996"]
[WhiteFideId "2834928"]
[BlackFideId "2807254"]
[TimeControl "5400+30"]

1. d4 Nf6 2. Nf3 g6 3. c4 Bg7 4. Nc3 O-O 5. e4 d6 6. Be3 Ng4 7. Bf4 Nd7 8. h3 Ngf6 9. Qd2 Ne8 10. O-O-O c6 11. Be2 Qa5 12. Kb1 e5 13. Bh6 Nef6 14. g4 Re8 15. Bxg7 Kxg7 16. g5 Nh5 17. d5 c5 18. Ne1 Nf4 19. Nd3 Nxe2 20. Qxe2 a6 21. f4 b5 22. Nc1 b4 23. Nb3 Qd8 24. Na4 exf4 25. h4 Ne5 26. Qc2 Qc7 27. Rdf1 Bd7 28. Nd2 f3 29. b3 Bxa4 30. bxa4 Qe7 31. Rf2 Ra7 32. Re1 Rb7 33. Nxf3 Nxf3 34. Rxf3 Qe5 35. Rf6 h6 36. Qb2 hxg5 37. hxg5 Rd7 38. Ka1 Qxb2+ 39. Kxb2 Re5 40. Rf4 Rxg5 41. Rh4 Rg2+ 42. Kb3 Rg3+ 43. Kb2 Re7 44. Reh1 Rg2+ 45. Kb3 Rf2 46. Rh7+ Kf6 47. Re1 Rf3+ 48. Kb2 Ke5 49. Rh8 Ra3 50. Rf1 Rxa4 51. Rh7 Kd4 52. Rhxf7 Rxe4 53. R7f4 g5 54. Rxe4+ Kxe4 55. Rg1 Kf5 56. Rf1+ Kg6 57. Re1 Ra3 58. Re6+ Kf5 59. Rxd6 Rc3 60. Rxa6 Rxc4 61. Rc6 g4 62. Kb3 Rc3+ 63. Ka4 g3 64. Rc8 Ke5 0-1

[Event "21th IPCA World Individual Chp."]
[Site "followchess.com"]
[Date "2022.05.13"]
[Round "5"]
[White "Mekus, Manuela"]
[Black "Aleksandrova, Aleksandra"]
[Result "1/2-1/2"]
[WhiteElo "1644"]
[BlackElo "1687"]
[ECO "A07"]
[WhiteFed "GER"]
[BlackFed "ISR"]
[FCGameId "1373698633"]
[WhiteFideId "16202562"]
[BlackFideId "4144198"]
[TimeControl "5400+30"]

1. Nf3 d5 2. g3 Nd7 3. Bg2 e5 4. d3 c6 5. O-O Be7 6. e4 dxe4 7. dxe4 Ngf6 8. Nc3 b5 9. Nd2 h5 10. f4 Qb6+ 11. Kh1 Ng4 12. Qe2 Ne3 13. Rf3 Nxc2 14. Nc4 Qc5 15. Qxc2 Qxc4 16. f5 b4 17. 
Bf1 Qc5 18. Be3 Qa5 19. Nd1 Bb7 20. Bd2 c5 21. Nf2 Nf6 22. Bc4 Rd8 23. Bd3 Rd4 24. Be3 Rd7 25. b3 O-O 26. Kg1 Rfd8 27. Bc4 Qc7 28. Re1 Qb8 29. Bb5 Bxe4 30. Nxe4 Qxb5 31. Nf2 Qc6 32. Qe2 Ng4 33. Nxg4 hxg4 34. Rf2 Qe4 35. Qb5 Rd1 36. Qe2 Rxe1+ 37. Qxe1 Bg5 38. Re2 Bxe3+ 39. Rxe3 Qd4 40. Kh1 f6 41. Qf2 Qd1+ 42. Re1 Qd5+ 43. Kg1 Kf7 44. Qe2 Qd3 45. Qxg4 Qd4+ 46. Qxd4 exd4 47. Kf2 Rd5 48. g4 Re5 49. Rc1 g6 50. fxg6+ Kxg6 51. h3 Kg5 52. Kg3 Re3+ 53. Kg2 Rc3 54. Rd1 Rc2+ 55. Kg3 Rxa2 56. h4+ Kg6 57. Rc1 Ra5 58. Kf4 Rb5 59. Rd1 a5 60. Ra1 c4 61. bxc4 Rc5 62. Ke4 Rxc4 63. Rxa5 d3+ 64. Kxd3 Rxg4 65. h5+ Kh6 66. Rb5 Rg3+ 67. Ke4 Rg5 68. Rb6 Rg4+ 69. Kf3 Kxh5 70. Rxf6 Rg1 71. Rb6 1/2-1/2

[Event "21th IPCA World Individual Chp."]
[Site "followchess.com"]
[Date "2022.05.13"]
[Round "5"]
[White "Pilimon, Zbigniew"]
[Black "Freiberg, Doron"]
[Result "0-1"]
[WhiteElo "1620"]
[BlackElo "1244"]
[ECO "D06"]
[WhiteFed "POL"]
[BlackFed "ISR"]
[FCGameId "-1581369373"]
[WhiteFideId "1110489"]
[BlackFideId "2841312"]
[TimeControl "5400+30"]

1. d4 Nf6 2. c4 d5 3. cxd5 Qxd5 4. Nc3 Qa5 5. e3 Ne4 6. Qc2 Bf5 7. Bd3 Nd6 8. Ne2 Bxd3 9. Qxd3 Nc6 10. O-O g6 11. e4 Bg7 12. Be3 Nb4 13. Qd1 O-O 14. a3 Nc6 15. Qd3 b5 16. Nd5 Rac8 17. b3 e6 18. Rfc1 exd5 19. Rxc6 dxe4 20. Qc2 b4 21. axb4 Qxa1+ 22. Bc1 Bh6 23. Rc5 Bxc1 24. Qxc1 Qxc1+ 25. Rxc1 Nb5 26. g3 Rfd8 27. Rc4 g5 28. Kg2 Rd7 29. g4 Rcd8 30. d5 Rxd5 31. Rxe4 Nd6 32. Re7 Nb5 33. Ng3 R5d7 34. Re5 Rd5 35. Re4 Rd4 36. Re5 R4d5 37. Re4 f6 38. Nf5 Re5 39. Rc4 Rd7 40. h3 Nd6 41. Rd4 Kf7 42. Ne3 Re4 43. Rd5 Rxb4 44. Rd3 Rd8 45. Nd5 Rb7 46. Rf3 Ne4 47. Re3 Rxd5 48. Rxe4 Rxb3 49. Rc4 c5 50. Ra4 Rd7 51. 
Ra1 c4 52. f3 c3 53. Kg3 Rc7 54. h4 gxh4+ 55. Kxh4 c2 0-1

[Event "21th IPCA World Individual Chp."]
[Site "followchess.com"]
[Date "2022.05.13"]
[Round "5"]
[White "Klein, Djimmy"]
[Black "Volodarsky, Michael"]
[Result "1-0"]
[WhiteElo "1392"]
[BlackElo "1400"]
[ECO "D02"]
[WhiteFed "FRA"]
[BlackFed "ISR"]
[FCGameId "399308360"]
[WhiteFideId "20669445"]
[BlackFideId "2814366"]
[TimeControl "5400+30"]

1. d4 d5 2. Nf3 Nf6 3. g3 b6 4. Bg2 Bb7 5. O-O e6 6. c4 Be7 7. Qc2 O-O 8. Nc3 Nbd7 9. Bf4 a6 10. a3 dxc4 11. e4 
Nh5 12. Be3 g6 13. e5 f5 14. Rad1 c6 15. Qd2 Rb8 16. Bh6 Rf7 17. Ng5 Bxg5 18. 
Bxg5 Qf8 19. Ne2 b5 20. Bh6 Qe8 21. Bf3 Ng7 22. Nf4 Nb6 23. h4 Nd5 24. h5 Nxf4 25. Qxf4 Qe7 
26. Bg5 Qf8 27. hxg6 hxg6 28. Bf6 c5 29. Kg2 Bxf3+ 30. Kxf3 Nh5 31. Rh1 Rxf6 32. Rxh5 gxh5 33. exf6 Rd8 34. 
Qg5+ Kf7 35. Rh1 Ke8 36. Rxh5 cxd4 37. Rh7 Rd7 38. Qh5+ Rf7 39. Rh8 Kd7 40. Rxf8 Rxf8 41. Qg6 Kd6 42. Qg7 Rd8 43. f7 Rc8 44. f8=Q+ 1-0

[Event "21th IPCA World Individual Chp."]
[Site "followchess.com"]
[Date "2022.05.12"]
[Round "4"]
[White "Mikheev, Stanislav"]
[Black "Obodchuk, Andrei"]
[Result "0-1"]
[WhiteElo "2333"]
[BlackElo "2295"]
[ECO "E04"]
[WhiteFed "SRB"]
[BlackFed "RUS"]
[FCGameId "-403530879"]
[WhiteFideId "4135920"]
[BlackFideId "4114310"]
[TimeControl "5400+30"]

1. d4 Nf6 2. c4 e6 3. Nf3 d5 4. g3 dxc4 5. Bg2 c6 6. Ne5 Bb4+ 7. Bd2 Be7 8. e3 b5 9. a4 b4 10. Nxc4 Ba6 11. Qc2 O-O 12. O-O Nbd7 13. Rd1 Rc8 14. e4 Nb6 15. Nxb6 Qxb6 16. Be3 Ng4 17. Bf4 c5 18. a5 Qb5 19. d5 e5 20. Bh3 Nxh2 21. Kxh2 exf4 22. gxf4 Rce8 23. d6 Bd8 24. b3 Bf6 25. e5 Rxe5 26. fxe5 Bxe5+ 27. Kg1 Bxa1 28. Nd2 Bd4 29. Nf3 Qxa5 30. Nxd4 cxd4 31. Rxd4 Qg5+ 32. Rg4 Qh6 33. Qc5 Bc8 34. Rh4 Qxh4 35. Bxc8 h6 36. Qc7 Qg5+ 37. Kh1 Qd5+ 38. Kg1 Qxb3 39. Ba6 Qd1+ 40. Kg2 b3 41. Bc4 b2 0-1

[Event "21th IPCA World Individual Chp."]
[Site "followchess.com"]
[Date "2022.05.12"]
[Round "4"]
[White "Gurbanov, Andrei"]
[Black "Zilberman, Yaacov"]
[Result "1/2-1/2"]
[WhiteElo "2302"]
[BlackElo "2315"]
[ECO "A56"]
[WhiteFed "ISR"]
[BlackFed "ISR"]
[FCGameId "963153972"]
[WhiteFideId "13503391"]
[BlackFideId "2801612"]
[TimeControl "5400+30"]

1. d4 Nf6 2. c4 c5 3. d5 e5 4. Nc3 d6 5. e4 Be7 6. h3 h5 7. Be3 Nbd7 8. Nf3 Nf8 9. Qd2 h4 10. O-O-O Ng6 11. Kb1 Nh5 12. Rg1 Nhf4 13. Rh1 Bd7 14. Ng1 a6 15. g3 Nh5 16. g4 Nhf4 17. Nf3 Rb8 18. a4 Qa5 19. b3 1/2-1/2

[Event "21th IPCA World Individual Chp."]
[Site "followchess.com"]
[Date "2022.05.12"]
[Round "4"]
[White "Cosic, Radoslav"]
[Black "Yarmonov, Igor"]
[Result "0-1"]
[WhiteElo "2003"]
[BlackElo "2394"]
[ECO "A06"]
[WhiteFed "CRO"]
[BlackFed "UKR"]
[FCGameId "-1204900123"]
[WhiteFideId "14504367"]
[BlackFideId "14114496"]
[TimeControl "5400+30"]

1. Nf3 d5 2. b3 Nf6 3. Bb2 e6 4. e3 Nbd7 5. Nc3 c6 6. Ne2 Bd6 7. Ng3 h5 8. d3 h4 9. Ne2 Qe7 10. h3 e5 11. a3 a5 12. c4 dxc4 13. bxc4 a4 14. Nc3 Nc5 15. Nd2 O-O 16. Be2 Bc7 17. d4 exd4 18. exd4 Nd3+ 19. Kf1 Nxb2 20. Qc2 Nxc4 21. Bxc4 Ba5 22. Nf3 Be6 23. Bxe6 Qxe6 24. Nxa4 Rfe8 25. Nc5 Qd5 26. Rb1 b5 27. Nd3 Ne4 28. Nde5 f6 29. Nxc6 Bc3 30. Qb3 Qxb3 31. Rxb3 b4 32. Nxb4 Bxb4 33. Rxb4 Rxa3 34. Kg1 Ng3 35. Rb1 Nxh1 36. Kxh1 g5 37. Rd1 Kf7 38. Rd2 Kg6 39. Kh2 Kh5 40. Ng1 f5 41. g3 hxg3+ 42. fxg3 Ree3 43. Ne2 Kg6 44. Kg2 Kf6 45. Kf2 Ke7 46. Rb2 Rf3+ 47. Kg2 Rfb3 48. Rc2 Kd6 49. Kf2 Rf3+ 50. Kg2 Rfe3 51. Kf2 Re7 52. Rb2 Rh7 53. Kg2 Kd5 54. Rb5+ Ke4 55. Re5+ Kd3 56. Ng1 Ra2+ 57. Kf3 Rf7 58. Re3+ Kxd4 59. Ne2+ Kc4 60. Re8 Ra3+ 61. Kf2 Kd5 62. h4 gxh4 63. gxh4 f4 64. Rc8 Rh3 65. h5 f3 66. Rd8+ Ke5 67. Re8+ Kd6 68. Nc3 Rh2+ 69. Kg3 f2 70. Ne4+ Kd7 0-1

[Event "21th IPCA World Individual Chp."]
[Site "followchess.com"]
[Date "2022.05.12"]
[Round "4"]
[White "Valenta, Vit Vaclav"]
[Black "Campos, Eugenio"]
[Result "0-1"]
[WhiteElo "2014"]
[BlackElo "2247"]
[ECO "A00"]
[WhiteFed "CZE"]
[BlackFed "ANG"]
[FCGameId "1202973277"]
[WhiteFideId "307440"]
[BlackFideId "10100156"]
[TimeControl "5400+30"]

1. b4 Nf6 2. Bb2 e6 3. a3 Be7 4. Nf3 O-O 5. c4 d6 6. g3 b6 7. Bg2 Bb7 8. O-O Nbd7 9. d3 c5 10. e4 Qc7 11. Nc3 Rac8 12. Re1 Rfd8 13. Qb3 Ne5 14. Rad1 Nfd7 15. Ne2 Nxf3+ 16. Bxf3 Bf6 17. Bg2 Ne5 18. f4 Ng4 19. Bxf6 Nxf6 20. Nc3 a6 21. h3 cxb4 22. axb4 b5 23. Bf1 Qb6+ 24. Kg2 bxc4 25. dxc4 Nxe4 26. Rxe4 f5 27. Bd3 Qe3 28. Qc2 fxe4 29. Nxe4 d5 0-1

[Event "21th IPCA World Individual Chp."]
[Site "followchess.com"]
[Date "2022.05.12"]
[Round "4"]
[White "Babanov, Aleksandr"]
[Black "Lipilin, Ilia"]
[Result "1-0"]
[WhiteElo "1929"]
[BlackElo "2198"]
[ECO "A07"]
[WhiteFed "RUS"]
[BlackFed "RUS"]
[FCGameId "-1585125882"]
[WhiteFideId "24117412"]
[BlackFideId "54113245"]
[TimeControl "5400+30"]

1. Nf3 d5 2. g3 Nf6 3. Bg2 c5 4. e3 Nc6 5. d4 e6 6. O-O b6 7. Nbd2 Be7 8. b3 cxd4 9. exd4 Ba6 10. Re1 Rc8 11. a3 O-O 12. Bb2 Rc7 13. Rc1 Bd6 14. Ne5 Qe7 15. c4 Na5 16. cxd5 Rxc1 17. Qxc1 Rc8 18. Nc6 Qd7 19. Qd1 exd5 20. Nxa5 bxa5 21. Nf3 h6 22. Qd2 Qb5 23. Qd1 Qd3 24. Bf1 Qxd1 25. Rxd1 Bxf1 26. Kxf1 Rb8 27. Rd3 a4 28. b4 a5 29. Ne5 axb4 30. Nc6 bxa3 31. Bxa3 Rb1+ 32. Ke2 Bxa3 33. Rxa3 Rb6 34. Ne5 Rb4 35. Ke3 Ne4 36. Nc6 Rb3+ 37. Rxb3 axb3 38. Kd3 Nxf2+ 39. Kc3 Ng4 40. Ne7+ Kf8 41. Nxd5 Nxh2 42. Ne3 Nf3 43. d5 Nd4 44. g4 Ke7 45. Nc4 Nb5+ 46. Kxb3 Nd6 47. Ne3 Kf6 48. Kc3 Ke5 49. Kd3 g6 50. Kc3 Ke4 51. Kd2 Kf3 52. Kd3 h5 53. gxh5 gxh5 54. Nc4 Ne4 55. Nd2+ Kf4 56. Nxe4 Ke5 57. d6 Ke6 58. Kc4 h4 59. Kc5 Kd7 60. Nf6+ Kd8 61. Kc6 h3 62. Ng4 f5 63. Nh2 f4 64. Nf3 Kc8 65. Kd5 Kd8 66. Ke6 Ke8 67. d7+ Kd8 68. Ne5 h2 69. Kd6 1-0

[Event "21th IPCA World Individual Chp."]
[Site "followchess.com"]
[Date "2022.05.12"]
[Round "4"]
[White "Srimskov, Elishar"]
[Black "Shapiro, Benny"]
[Result "1/2-1/2"]
[WhiteElo "1992"]
[BlackElo "1884"]
[ECO "A04"]
[WhiteFed "ISR"]
[BlackFed "ISR"]
[FCGameId "216440171"]
[WhiteFideId "2807254"]
[BlackFideId "2801582"]
[TimeControl "5400+30"]

1. Nf3 c5 2. b3 Nc6 3. Bb2 d6 4. e3 e5 5. d3 g6 6. Nc3 Nge7 7. d4 exd4 8. exd4 Bg7 9. dxc5 Qa5 10. Qd2 dxc5 11. Na4 Qxd2+ 12. Nxd2 Nd4 13. O-O-O O-O 14. Nxc5 Bf5 15. Nce4 Rfd8 16. f3 h5 17. Bd3 Nd5 18. Rhe1 a5 19. a3 Nf4 20. g3 Ng2 21. Rg1 Ne3 22. Rde1 Bh6 23. Kb1 Ndxc2 24. Bxc2 Nxc2 25. Nf6+ Kf8 1/2-1/2

[Event "21th IPCA World Individual Chp."]
[Site "followchess.com"]
[Date "2022.05.12"]
[Round "4"]
[White "Gerasimova, Svetlana"]
[Black "Mekus, Manuela"]
[Result "1-0"]
[WhiteElo "1906"]
[BlackElo "1644"]
[ECO "B07"]
[WhiteFed "RUS"]
[BlackFed "GER"]
[FCGameId "1250217848"]
[WhiteFideId "4145968"]
[BlackFideId "16202562"]
[TimeControl "5400+30"]

1. e4 d6 2. d4 g6 3. Nc3 Bg7 4. Be3 Nf6 5. f3 Nbd7 6. Qd2 c5 7. Nge2 O-O 8. O-O-O b6 9. g4 Bb7 10. Bh6 cxd4 11. Nxd4 Ne5 12. h4 Re8 13. h5 Bh8 14. hxg6 fxg6 15. Bb5 e6 16. Bxe8 Qxe8 17. Ncb5 Nxf3 18. Nxf3 Qxb5 19. Qxd6 Re8 20. Nd4 Qc4 21. Kb1 Bxe4 22. Rhf1 Bd5 23. Qa3 Qc5 24. Qa4 Qe7 25. g5 Nd7 26. Nc6 Qc5 27. Nb4 b5 28. Qa5 Qb6 29. Qxb6 Nxb6 30. Nxd5 Nxd5 31. Rd3 a5 32. Rdf3 Bg7 33. Rf7 Bxh6 34. gxh6 Ne7 35. Rg7+ Kh8 36. Rxe7 1-0

[Event "21th IPCA World Individual Chp."]
[Site "followchess.com"]
[Date "2022.05.12"]
[Round "4"]
[White "Oliel, Yehonatan"]
[Black "Klein, Djimmy"]
[Result "1-0"]
[WhiteElo "1535"]
[BlackElo "1392"]
[ECO "C56"]
[WhiteFed "ISR"]
[BlackFed "FRA"]
[FCGameId "774566251"]
[WhiteFideId "2834928"]
[BlackFideId "20669445"]
[TimeControl "5400+30"]

1. e4 e5 2. Nf3 Nc6 3. d4 exd4 4. Bc4 Nf6 5. Ng5 d5 6. exd5 Na5 7. Qxd4 Nxc4 8. Qxc4 Bd6 9. Nc3 a6 10. O-O O-O 11. Qh4 h6 12. Nf3 Nh7 13. Qxd8 Rxd8 14. Ne4 Bf5 15. Re1 Nf8 16. Nxd6 Rxd6 17. c4 g5 18. b3 f6 19. Ba3 Rd7 20. Re3 Kf7 21. Rae1 Bg6 22. Nd4 Kg8 23. h3 Rc8 24. Ne6 Rf7 25. Nxf8 Rfxf8 26. Bxf8 Kxf8 27. Re7 Re8 28. Rxe8+ Bxe8 29. c5 Bd7 30. d6 cxd6 31. cxd6 Bc6 32. Re7 f5 33. Rh7 Ke8 34. Rxh6 Kd7 35. g3 b5 36. b4 f4 37. gxf4 gxf4 38. Rf6 f3 39. h4 Bd5 40. a3 Be6 41. Rxe6 Kxe6 42. d7 Kxd7 43. Kf1 Ke6 44. Ke1 Kf5 45. Kd2 Kg4 46. Ke3 Kxh4 47. Kxf3 Kg5 48. Ke4 Kf6 49. Kd5 Kf5 50. Kc6 Kf4 51. Kb6 Kf3 52. Kxa6 Kxf2 53. Kxb5 Ke2 54. a4 Kd3 55. a5 Kd4 56. a6 Kd5 57. a7 Kd6 58. a8=Q Kd7 59. Qc6+ Kd8 60. Qb7 Ke8 61. Qc7 Kf8 62. Qd7 Kg8 63. Qe7 Kh8 64. Kc5 Kg8 65. Kd5 Kh8 66. Ke6 Kg8 67. Kf6 Kh8 68. Qg7# 1-0

[Event "21th IPCA World Individual Chp."]
[Site "followchess.com"]
[Date "2022.05.12"]
[Round "4"]
[White "Freiberg, Doron"]
[Black "Volodarsky, Michael"]
[Result "1-0"]
[WhiteElo "1244"]
[BlackElo "1400"]
[ECO "D02"]
[WhiteFed "ISR"]
[BlackFed "ISR"]
[FCGameId "-2116695392"]
[WhiteFideId "2841312"]
[BlackFideId "2814366"]
[TimeControl "5400+30"]

1. d4 d5 2. Nf3 Nf6 3. g3 e6 4. Bg2 c5 5. c4 cxd4 6. cxd5 Nxd5 7. Nxd4 Bb4+ 8. Bd2 Bxd2+ 9. Qxd2 O-O 10. O-O Qf6 11. e4 Nb6 12. Nb5 Qe5 13. N1c3 Na6 14. 
Qe3 Bd7 15. f4 Nc4 16. Qxa7 Rxa7 17. fxe5 Raa8 
18. Rfd1 Nxe5 19. Bf1 Bc6 20. Nd4 Be8 21. a4 Nc6 22. Ndb5 Ne5 23. Rd6 Rc8 24. 
Na3 Bc6 25. Rb1 Rfd8 26. Rxd8+ Rxd8 27. b4 Be8 28. Bb5 Bxb5 29. Naxb5 Rd2 30. h4 
Nd3 31. Nd6 Ndxb4 32. Nxb7 Rd3 33. Rd1 Rxd1+ 34. Nxd1 Kf8 35. Nc3 Ke7 36. Na5 
Kd6 37. Kf2 Kc5 38. Nb7+ Kd4 39. Nb1 Kxe4 40. Nd8 Nd3+ 41. Ke2 Ne5 42. Nd2+ Kd4 
43. Nf3+ Nxf3 44. Kxf3 Nc5 45. Nxf7 Nxa4 46. Ng5 g6 47. Nxe6+ Ke5 48. Nf8 Nc5 
49. Nxh7 Ne6 50. Kg4 Ng7 51. Kg5 Nh5 52. g4 Nf4 53. Nf8 Nh3+ 54. Kxg6 Kf4 55. 
Kh5 Ke5 56. g5 Nf4+ 57. Kg4 Nd5 58. Ng6+ Ke6 59. Nf4+ Nxf4 60. Kxf4 Kf7 61. Kf5 
Kg7 62. h5 Kg8 63. Kg6 Kh8 64. Kf7 Kh7 65. g6+ 1-0

[Event "21th IPCA World Individual Chp."]
[Site "followchess.com"]
[Date "2022.05.10"]
[Round "3"]
[White "Yarmonov, Igor"]
[Black "Obodchuk, Andrei"]
[Result "0-1"]
[WhiteElo "2394"]
[BlackElo "2295"]
[ECO "A45"]
[WhiteFed "UKR"]
[BlackFed "RUS"]
[FCGameId "1977089804"]
[WhiteFideId "14114496"]
[BlackFideId "4114310"]
[TimeControl "5400+30"]

1. d4 Nf6 2. Bf4 d5 3. c3 e6 4. e3 c5 5. Nd2 Nc6 6. Bd3 Be7 7. h3 Bd6 8. Bxd6 Qxd6 9. Ngf3 O-O 10. O-O e5 11. dxe5 Nxe5 12. Nxe5 Qxe5 13. Re1 Bf5 14. Bxf5 Qxf5 15. Qb1 Qxb1 16. Raxb1 Rfd8 17. f3 Kf8 18. b4 d4 19. exd4 cxd4 20. c4 a5 21. a4 Nd7 22. bxa5 Rxa5 23. Rxb7 Rxa4 24. Rc7 Ra2 25. Ne4 d3 26. Rd1 Ne5 27. f4 Ng6 28. g3 Ne7 29. Rd2 Rxd2 30. Nxd2 Nf5 31. Kf2 Re8 32. Rc5 Re2+ 33. Kg1 Nxg3 34. Nf1 d2 0-1

[Event "21th IPCA World Individual Chp."]
[Site "followchess.com"]
[Date "2022.05.10"]
[Round "3"]
[White "Campos, Eugenio"]
[Black "Mikheev, Stanislav"]
[Result "0-1"]
[WhiteElo "2247"]
[BlackElo "2333"]
[ECO "C02"]
[WhiteFed "ANG"]
[BlackFed "SRB"]
[FCGameId "1699418834"]
[WhiteFideId "10100156"]
[BlackFideId "4135920"]
[TimeControl "5400+30"]

1. e4 e6 2. d4 d5 3. e5 c5 4. c3 Nc6 5. Nf3 Qb6 6. a3 Nh6 7. b4 cxd4 8. cxd4 Nf5 9. Bb2 Bd7 10. g4 Nh6 11. h3 Rc8 12. Nc3 Na5 13. Na4 Qc6 14. Rc1 Nc4 15. Bxc4 dxc4 16. Nc3 Be7 17. O-O O-O 18. d5 exd5 19. Nd4 Qg6 20. Nxd5 Rfe8 21. Rc3 Qe4 22. Nxe7+ Rxe7 23. Re1 Qg6 24. Qf3 b5 25. Rce3 Bxg4 26. hxg4 Nxg4 27. Qf5 Nxe3+ 28. Qxg6 hxg6 29. Rxe3 a6 30. f4 Rd7 31. Kf2 Rcd8 32. Re4 f5 33. exf6 gxf6 34. Ke3 Kf7 35. f5 gxf5 36. Rh4 Kg6 37. Kf3 Rh7 38. Rxh7 Kxh7 39. Kf4 Kg6 40. Bc3 Rd5 41. Kf3 Re5 42. Ne2 Re8 43. Nf4+ Kf7 44. Nd5 Rd8 45. Nf4 Rd1 46. Ke2 Rh1 47. Ke3 Rh2 48. Bd2 Ke7 49. Nd5+ Kd6 50. Nf4 Kc6 51. Bc3 Ra2 52. Kd4 Rxa3 53. Nd5 Kd6 54. Nxf6 f4 55. Ne4+ Ke6 56. Nd2 Kf5 57. Nb1 Ra2 58. Nd2 Rc2 59. Ne4 Re2 60. Nd6+ Kg4 61. Kc5 f3 62. Bd4 f2 0-1

[Event "21th IPCA World Individual Chp."]
[Site "followchess.com"]
[Date "2022.05.10"]
[Round "3"]
[White "Zilberman, Yaacov"]
[Black "Gerasimova, Svetlana"]
[Result "1-0"]
[WhiteElo "2315"]
[BlackElo "1906"]
[ECO "A71"]
[WhiteFed "ISR"]
[BlackFed "RUS"]
[FCGameId "1142258131"]
[WhiteFideId "2801612"]
[BlackFideId "4145968"]
[TimeControl "5400+30"]

1. d4 Nf6 2. c4 c5 3. d5 e6 4. Nc3 exd5 5. cxd5 d6 6. Nf3 g6 7. e4 Bg7 8. Bg5 O-O 9. Nd2 b6 10. Be2 Na6 11. O-O Nc7 12. f4 Qd7 13. a4 Ba6 14. Bxa6 Nxa6 15. Nc4 Nb4 16. h3 Rab8 17. Qd2 a6 18. Rae1 Rfe8 19. Kh2 b5 20. axb5 axb5 21. Nxd6 Qxd6 22. e5 Qb6 23. exf6 Rxe1 24. Rxe1 Bxf6 25. Ne4 Bxg5 26. fxg5 Rd8 27. Nf6+ Kh8 28. Qc3 Qd6+ 29. Kh1 Na2 30. Qf3 Qf8 31. Re4 h5 32. Rh4 Qg7 33. Qe3 Qf8 34. Re4 Nb4 35. Re7 Nd3 36. Nd7 Nf2+ 37. Kg1 Nd1 38. Qe1 Nxb2 39. Nxf8 1-0

[Event "21th IPCA World Individual Chp."]
[Site "followchess.com"]
[Date "2022.05.10"]
[Round "3"]
[White "Gurbanov, Andrei"]
[Black "Srimskov, Elishar"]
[Result "1-0"]
[WhiteElo "2302"]
[BlackElo "1992"]
[ECO "D50"]
[WhiteFed "ISR"]
[BlackFed "ISR"]
[FCGameId "1473863177"]
[WhiteFideId "13503391"]
[BlackFideId "2807254"]
[TimeControl "5400+30"]

1. d4 d5 2. c4 e6 3. Nc3 Nf6 4. Bg5 c6 5. e3 Nbd7 6. cxd5 exd5 7. Bd3 Be7 8. Qc2 h6 9. Bf4 b6 10. Nf3 Bb7 11. h3 Rc8 12. O-O O-O 13. Bf5 Ra8 14. Rad1 Ne8 15. e4 Nd6 16. Bxd6 Bxd6 17. e5 Bc7 18. Rfe1 Kh8 19. Qd2 Re8 20. a3 Nf8 21. b4 Bc8 22. Bb1 Be6 23. b5 cxb5 24. Nxb5 a6 25. Nxc7 Qxc7 26. Re3 Qe7 27. Ne1 b5 28. f4 f5 29. exf6 Qxf6 30. Nf3 Bf5 31. Ne5 Bxb1 32. Rxb1 Qf5 33. Rf1 Rec8 34. g4 Qc2 35. Qb4 Qa4 36. Qxa4 bxa4 37. f5 Rc7 38. f6 g6 39. h4 Kh7 40. g5 h5 41. Nd3 Kg8 42. Nc5 Kf7 43. Rfe1 Raa7 44. Re8 Nh7 45. Rd8 Nf8 46. Ree8 1-0

[Event "21th IPCA World Individual Chp."]
[Site "followchess.com"]
[Date "2022.05.10"]
[Round "3"]
[White "Lipilin, Ilia"]
[Black "Aleksandrova, Aleksandra"]
[Result "1-0"]
[WhiteElo "2198"]
[BlackElo "1687"]
[ECO "D31"]
[WhiteFed "RUS"]
[BlackFed "ISR"]
[FCGameId "314637102"]
[WhiteFideId "54113245"]
[BlackFideId "4144198"]
[TimeControl "5400+30"]

1. d4 d5 2. c4 e6 3. Nc3 c6 4. e4 dxe4 5. Nxe4 Nf6 6. Nxf6+ Qxf6 7. Nf3 Bb4+ 8. Bd2 Bxd2+ 9. Qxd2 O-O 10. Bd3 Nd7 11. O-O e5 12. dxe5 Nxe5 13. Nxe5 Qxe5 14. Rfe1 Qf6 15. Qb4 Rd8 16. Re3 a5 17. Qb6 Be6 18. Qxb7 Rab8 19. Qxc6 Rxb2 20. Rf1 g6 21. a4 Rd2 22. Be2 Qb2 23. Bf3 Rxf2 24. Rfe1 Rfd2 25. Qb5 Qd4 26. Qxa5 Rd3 27. Qe5 Rxe3 28. Qxe3 Qxc4 29. a5 Bd5 30. Rd1 Qa2 31. Qd2 Ra8 32. Qxa2 1-0